 Dungeon Crawl Stone Soup version 0.24.0-125-gc4c63601f3 (webtiles) character file.

Game seed: 867554937443352979, levelgen mode: deterministic

652 jinjihage the Vandal (level 7, -1/49 HPs)
             Began as an Octopode Fighter on Mar 21, 2020.
             Slain by an adder (5 damage)
             ... in a sewer.
             The game lasted 00:08:59 (4897 turns).

jinjihage the Vandal (Octopode Fighter)             Turns: 4897, Time: 00:08:59

Health: -1/49      AC:  1    Str: 15    XL:     7   Next: 54%
Magic:  16/16      EV: 12    Int: 11    God:
Gold:   269        SH:  8    Dex: 13    Spells: 6/6 levels left

rFire    . . .     SeeInvis .   b - +3 hunting sling
rCold    . . .     Gourm    .   h - +0 shield
rNeg     . . .     Faith    .   (helmet restricted)
rPois    .         Spirit   .   (no amulet)
rElec    .         Reflect  .   n - ring of magical power
rCorr    .         Harm     .   (no ring)
MR       .....                  (no ring)
Stlth    ++++......             (no ring)
HPRegen  0.16/turn              (no ring)
MPRegen  0.15/turn              (no ring)
                                (no ring)
                                (no ring)

@: hasted, very quick
A: almost no armour, stealthy swim, amphibious, 8 rings, constrict 8, camouflage
1, gelatinous body 1
a: no special abilities


You were in a sewer.
You were not hungry.

You visited 1 branch of the dungeon, and saw 5 of its levels.
You also visited: Sewer.

You collected 269 gold pieces.

Inventory:

Hand Weapons
 a - a +0 trident
 b - a +3 hunting sling (weapon)
Missiles
 o - 54 stones (quivered)
 p - 46 sling bullets
 r - 7 poisoned darts
Armour
 h - a +0 shield (worn)
Jewellery
 n - a ring of magical power (left tentacle)
Wands
 l - a wand of flame (27)
 x - a wand of iceblast (4)
Scrolls
 e - 4 scrolls of enchant weapon {unknown}
 f - 4 scrolls of identify {unknown}
 g - 2 scrolls of fear {unknown}
 i - 5 scrolls of remove curse {unknown}
 j - 2 scrolls of enchant armour {unknown}
 k - 5 scrolls of teleportation {unknown}
 m - 2 scrolls of random uselessness {unknown}
 u - 2 scrolls of blinking {unknown}
 v - a scroll of amnesia {unknown}
 y - 3 scrolls of magic mapping {unknown}
 E - a scroll of fog {unknown}
Potions
 c - a potion of might
 q - 2 potions of curing
 s - 2 potions of haste
 t - a potion of cancellation {unknown}
 w - a potion of ambrosia {unknown}
 z - 2 potions of heal wounds {unknown}
 B - 3 potions of magic {unknown}
 C - a potion of brilliance {unknown}
 D - 2 potions of resistance {unknown}
Comestibles
 d - 7 rations
 A - 2 chunks of flesh


   Skills:
 + Level 4.7 Fighting
 + Level 3.6 Polearms
 + Level 5.2 Slings
 + Level 0.4(3.2) Throwing
 - Level 3.4 Dodging
 - Level 2.6 Stealth
 - Level 3.1 Shields


You had 6 spell levels left.
You didn't know any spells.
Your spell library was empty.

Dungeon Overview and Level Annotations

Branches:
Dungeon (5/15)              Sewer (1/1)
 Temple: D:4-7

Altars:
Ashenzari
Dithmenos
Hepliaklqana
Makhleb

Annotations:
D:1 exclusion: downstairs
D:3 exclusion: downstairs
D:4 exclusion: 2 downstairs
D:5 Sigmund


Innate Abilities, Weirdness & Mutations

You cannot wear most types of armour.
You are very stealthy in the water. (Stealth+)
You are amphibious.
You can wear up to eight rings at the same time.
You can use your tentacles to constrict eight enemies at once.
Your skin changes colour to match your surroundings (Stealth+).
Your rubbery body absorbs attacks. (AC +1, EV +1)


Message History

It was a potion of curing.
You feel better. The bullfrog hits you!
* * * LOW HITPOINT WARNING * * *
You block the adder's attack. The ball python completely misses you.
You block the bullfrog's attack. The ball python barely misses you.
* * * LOW HITPOINT WARNING * * *
The ball python constricts you. The adder closely misses you.
It was a potion of haste.
You feel yourself speed up.
The bullfrog hits you but does no damage.
You block the ball python's attack. You block the adder's attack.
The ball python bites you.
* * * LOW HITPOINT WARNING * * *
x2 The ball python constricts you.
You escape the ball python's grasp.
The bullfrog barely misses you. You block the ball python's attack.
The ball python grabs you.
* * * LOW HITPOINT WARNING * * *
The ball python constricts you. The bullfrog barely misses you.
You escape the ball python's grasp.
The bullfrog hits you.
* * * LOW HITPOINT WARNING * * *
The adder bites you.
You die...

#.†....≈≈≈≈≈≈≈≈≈≈≈≈≈≈≈..###
#....####################
##÷÷.## #†..##### #....'..#
#....#..# ##...####
#....##################
#......≈≈≈≈≈≈@SFS≈≈(≈(#
##....≈≈≈≈≈≈≈SFSS≈≈≈≈≈≈.
#....≈≈≈≈≈≈≈≈S≈≈≈≈≈≈≈≈(
#....≈≈≈≈≈≈≈≈≈≈≈≈≈≈≈≈≈.
##...≈≈≈≈≈≈#≈..≈#≈≈≈≈≈.
###.#≈≈≈≈≈≈≈≈≈≈≈≈≈≈≈#.
###################


You could see 2 bullfrogs, 2 adders and 4 ball pythons.

Vanquished Creatures
  A sky beast (D:4)
  2 ogres
  A wight (D:5)
  A hound (D:4)
  An orc wizard (D:4)
  6 gnolls
  5 adders
  6 river rats (Sewer)
  3 oozes
  3 worms
  A dart slug (D:2)
  A leopard gecko (D:3)
  3 orcs (D:4)
  9 ball pythons
  9 bats
  9 giant cockroaches
  6 goblins
  4 hobgoblins
  11 jackals
  A quokka (D:2)
  9 frilled lizards
  6 kobolds
  A leopard gecko zombie (D:5)
  29 rats
128 creatures vanquished.

Notes
Turn   | Place    | Note
-------+----------+-------------------------------------------
     0 | D:1      | jinjihage the Octopode Fighter began the quest for the Orb.
     0 | D:1      | Reached XP level 1. HP: 16/16 MP: 1/1
    54 | D:1      | Reached XP level 2. HP: 5/21 MP: 2/2
   655 | D:1      | Reached XP level 3. HP: 26/26 MP: 3/3
   798 | D:1      | Reached skill level 1 in Stealth
  1288 | D:2      | Reached XP level 4. HP: 26/31 MP: 4/4
  1914 | D:3      | Found a shadowy altar of Dithmenos.
  2095 | D:3      | Reached XP level 5. HP: 30/37 MP: 5/5
  2376 | D:3      | Reached skill level 1 in Slings
  2895 | D:4      | Noticed an ogre
  2902 | D:4      | Killed an ogre
  2902 | D:4      | Reached skill level 3 in Slings
  2902 | D:4      | Reached XP level 6. HP: 24/43 MP: 6/6
  3169 | D:4      | Found a burning altar of Makhleb.
  3311 | D:4      | Found a shattered altar of Ashenzari.
  3338 | D:4      | Noticed a sky beast
  3740 | D:4      | Found a hazy altar of Hepliaklqana.
  3772 | D:4      | Killed a sky beast
  3772 | D:4      | Reached skill level 4 in Slings
  4163 | D:5      | Entered Level 5 of the Dungeon
  4229 | D:5      | Reached XP level 7. HP: 30/49 MP: 7/7
  4504 | D:5      | Found a glowing drain.
  4505 | D:5      | Noticed Sigmund
  4511 | Sewer    | Entered a sewer
  4620 | Sewer    | Reached skill level 5 in Slings
  4897 | Sewer    | Slain by an adder

Levels and vault maps discovered:
D:1:      tarquinn_simple_flora_water_a, layout_rooms, minivault_4,
          bh_walls_and_bars
D:2:      minmay_wonky_spiral, layout_rooms
D:3:      layout_basic, overflow_temple_1_default, kennysheep_small_spiral
D:4:      layout_cave_pools, nicolae_overflow_crystal_walls,
          nicolae_ashenzari_panopticon, kennysheep_mini_moat, first_ration
D:5:      layout_gridville, lemuel_doored_altar, fiery_altar_vehumet,
          kennysheep_mini, cheibrodos_sewer_entry_sluice, serial_shops, shop,
          minmay_misc_feat_four_crosses, uniq_sigmund
Sewer:    sewer_minmay_w

Skill      XL: |  1  2  3  4  5  6  7 |
---------------+----------------------+-----
Stealth        | 2 |  2.6
Polearms       | 3 |  3.6
Slings         | 3 4 5 |  5.2
Fighting       | 4 |  4.7
Throwing       | |  0.4
Dodging        | |  3.4
Shields        | |  3.1

Action                   |  1- 3 |  4- 6 |  7- 9 || total
-------------------------+-------+-------+-------++-------
Melee: Trident           |    87 |    28 |     9 ||   124
       Constrict         |    21 |     2 |       ||    23
       Tentacles         |    15 |     4 |       ||    19
 Fire: Hunting sling     |       |   149 |    86 ||   235
Throw: Dart              |       |       |     4 ||     4
  Use: Potion            |       |       |     2 ||     2
 Stab: Sleeping          |     5 |     2 |       ||     7
  Eat: Chunk             |     1 |     6 |     2 ||     9
       Ration            |       |     1 |       ||     1
Armor: Skin              |     5 |     2 |     2 ||     9
Dodge: Dodged            |    48 |    34 |    21 ||   103
Block: Shield            |    31 |    29 |    10 ||    70
